 Dungeon Crawl Stone Soup version 0.28-a0-1152-g9c71ebef14 (webtiles) character file.

Game seed: 10613371408317832609

87 spaghetti the Sneak (level 4, 0/34 HPs)
             Began as an Octopode Delver on Dec 14, 2021.
             Slain by a phantom (8 damage)
             ... on level 5 of the Dungeon.
             The game lasted 00:01:01 (704 turns).

spaghetti the Sneak (Octopode Delver)                Turns: 704, Time: 00:01:02

Health: 0/34       AC:  1    Str: 13    XL:     4   Next: 51%
Magic:  4/4        EV: 13    Int: 12    God:
Gold:   16         SH:  0    Dex: 13    Spells: 3/3 levels left

rFire   . . .      SeeInvis .   a - +0 hand axe {axe}
rCold   . . .      Faith    .   (no shield)
rNeg    . . .      Spirit   .   (helmet restricted)
rPois   .          Reflect  .   (no amulet)
rElec   .          Harm     .   (no ring)
rCorr   .          Rampage  .   (no ring)
Will    .....                   (no ring)
Stlth   ++++......              (no ring)
HPRegen 0.11/turn               (no ring)
MPRegen 0.09/turn               (no ring)
                                (no ring)
                                (no ring)

@: no status effects
A: almost no armour, amphibious, 8 rings, camouflage 1, gelatinous body 1,
(nimble swimmer 1), tentacles
a: no special abilities


You were on level 5 of the Dungeon.
You visited 1 branch of the dungeon, and saw 1 of its levels.

You collected 16 gold pieces.


Innate Abilities, Weirdness & Mutations

You cannot wear most types of armour.
You are amphibious.
You can wear up to eight rings at the same time.
Your skin changes colour to match your surroundings (Stealth+).
Your rubbery body absorbs attacks. (AC +1, EV +1)
((You are camouflaged near water. (Stealth+)))
You have tentacles for arms and can constrict up to eight enemies at once.


   Skills:
 + Level 4.9 Fighting
 - Level 2.0 Axes
 - Level 2.0 Dodging
 - Level 6.6 Stealth
 + Level 1.3 Shields


You had 3 spell levels left.
You didn't know any spells.
Your spell library contained the following spells:

 Spells                   Type           Power      Damage    Failure   Level
 Corpse Rot               Necr/Air       0%         N/A       45%         2
 Poisonous Vapours        Pois/Air       0%         N/A       45%         2

Inventory:

Hand Weapons
 a - a +0 hand axe (weapon) {axe}
Missiles
 g - 22 stones (quivered) {throwing}
 h - 23 sling bullets
 l - 25 arrows
Armour
 j - a +0 buckler
   (You found it on level 5 of the Dungeon)
Wands
 f - a wand of digging (3)
 i - a wand of paralysis (10)
   (You found it on level 5 of the Dungeon)
Scrolls
 b - 2 scrolls of fog
 c - a scroll of magic mapping {!r}
 d - a scroll of fear
 n - a scroll of enchant armour
Potions
 e - a potion of haste {@q3}
 k - a potion of cancellation {unknown}

Dungeon Overview and Level Annotations

Branches:
Dungeon (5/15)
 Temple: D:4-7

Altars:

#######.#.# #.#
#.........# #.###
#.........######## #...#
#................# #...#
#......((..:.....# #...#
#.......(........+ #.###
#................# #.#
#.......(......$.#
###.######
#######.#(...@...#
#........# #?#.?.ZW...#
#........# #.#........#
#........# ..#........#
#........# ###.##.#####
###.###### ####.##.# #.#
.....##.#########.######
##......Z..............
####.##+######......##


You could see a phantom and a hound zombie (paralysed).


Message History

You have reached level 4! 😱 MP[+1]
You now have 34 max hp (+7).
Your mp is fully restored (4).
Unknown command.
You start resting.
A howler monkey skeleton is nearby! 😱 HP[+7]
You regained 7 hp, and now have 8/34 hp.
Okay, then.
Throw: 27 stones {throwing}
Press: ? - help, Q - select action, (/) - cycle Shift-Dir - straight line, f - howler monkey skeleton
Aim: a howler monkey skeleton (wandering, hasn't noticed you, 82% to hit)
You throw a stone {throwing}.
The stone {throwing} hits the howler monkey skeleton but does no damage.
Throw: 26 stones {throwing}
Press: ? - help, Q - select action, (/) - cycle Shift-Dir - straight line, f/p - howler monkey skeleton
Aim: a howler monkey skeleton (82% to hit)
You throw a stone {throwing}.
The stone {throwing} hits the howler monkey skeleton but does no damage.
Throw: 25 stones {throwing}
Press: ? - help, Q - select action, (/) - cycle Shift-Dir - straight line, f/p - howler monkey skeleton
Aim: a howler monkey skeleton (82% to hit)
You throw a stone {throwing}.
The stone {throwing} barely misses the howler monkey skeleton.
Throw: 24 stones {throwing}
Press: ? - help, Q - select action, (/) - cycle Shift-Dir - straight line, f/p - howler monkey skeleton
Aim: a howler monkey skeleton (82% to hit)
You throw a stone {throwing}.
The stone {throwing} hits the howler monkey skeleton but does no damage.
Throw: 23 stones {throwing}
Press: ? - help, Q - select action, (/) - cycle Shift-Dir - straight line, f/p - howler monkey skeleton
Aim: a howler monkey skeleton (82% to hit)
You throw a stone {throwing}.
The stone {throwing} hits the howler monkey skeleton. 😨 HP[+1]
Aiming: Paralyse
Press: ? - help, Shift-Dir - straight line, f/p - howler monkey skeleton
Aim: a howler monkey skeleton (lightly damaged, chance to affect: 60%)
The howler monkey skeleton suddenly stops moving!
The helpless howler monkey skeleton fails to defend itself.
You hit the howler monkey skeleton. You grab the howler monkey skeleton.
You constrict the howler monkey skeleton.
The helpless howler monkey skeleton fails to defend itself.
You hit the howler monkey skeleton. You squeeze the howler monkey skeleton!
You destroy the howler monkey skeleton!
You start resting. 😎 HP[+25]
Your hp is fully restored (34).
You see here a stone {throwing}.
A phantom is nearby!
Okay, then.
You see here a stone {throwing}.
A hound zombie comes into view.
The helpless phantom fails to defend itself.
You hit the phantom. You squeeze the phantom! The phantom hits you. 😕 HP[-1]
You take 1 damage, and now have 33/34 hp.
Aiming: Paralyse
Press: ? - help, Shift-Dir - straight line, f - hound zombie
Aim: a hound zombie (chance to affect: 60%)
The hound zombie resists with significant effort.
The hound zombie misses you. The phantom hits you. 😕 HP[-3]
You take 3 damage, and now have 30/34 hp.
Unknown command.
Aiming: Paralyse
Press: ? - help, Shift-Dir - straight line, f/p - hound zombie
Aim: a hound zombie (chance to affect: 60%)
The hound zombie suddenly stops moving!
The phantom hits you!
The phantom blinks!
You blink. 😮 HP[-7]
You take 7 damage, and now have 23/34 hp.
MASSIVE DAMAGE!! (PAUSE)
You hit the phantom. The phantom misses you.
You barely miss the phantom. Your squeeze misses the phantom.
The phantom hits you but does no damage.
Unknown command.
Unknown command.
You hit the phantom.
You squeeze the phantom, but do no damage.
The phantom barely misses you.
You hit the phantom but do no damage. The phantom hits you.
The phantom blinks!
You blink.
The phantom hits you!
* * * LOW HITPOINT WARNING * * *
😨 HP[-11]
You take 11 damage, and now have 12/34 hp.
MASSIVE DAMAGE!! (PAUSE)
You hit the phantom.
The helpless hound zombie fails to defend itself.
You hit the hound zombie. The phantom hits you.
* * * LOW HITPOINT WARNING * * *
😱 HP[-4]
You take 4 damage, and now have 8/34 hp.
Unknown command.
You miss the phantom.
The helpless hound zombie fails to defend itself.
You hit the hound zombie. The phantom hits you!
You die...

Skill      XL: |  1  2  3 |
---------------+----------+-----
Fighting       | 4 |  4.9
Shields        | 1 |  1.3
Axes           | |  2.0
Dodging        | |  2.0
Stealth        | |  6.6

Action                   |  1- 3 |  4- 6 || total
-------------------------+-------+-------++-------
Melee: Hand axe          |    16 |     9 ||    25
       Tentacles         |     7 |     3 ||    10
       Constrict         |     2 |     1 ||     3
Throw: Stone             |       |     5 ||     5
Evoke: Wand              |       |     3 ||     3
  Use: Scroll            |     1 |       ||     1
 Stab: Sleeping          |     1 |     1 ||     2
       Paralysed         |       |     4 ||     4
Armor: Skin              |     3 |     1 ||     4
Dodge: Dodged            |    15 |     3 ||    18

Levels and vault maps discovered:
D:5:      layout_basic, uniq_crazy_yiuf_cottage

Notes
Turn   | Place    | Note
-------+----------+-------------------------------------------
     0 | D:5      | spaghetti the Octopode Delver began the quest for the Orb.
     0 | D:5      | Reached XP level 1. HP: 16/16 MP: 1/1
     0 | D:5      | magus.rc [v1.9.6]
    59 | D:5      | Noticed a hound
    64 | D:5      | HP: 3/16 [hound (2)]
    65 | D:5      | Killed a hound
    66 | D:5      | Reached skill level 4 in Fighting
    66 | D:5      | Reached XP level 2. HP: 4/22 MP: 2/2
    66 | D:5      | Reached XP level 3. HP: 5/27 MP: 3/3
   255 | D:5      | Noticed a phantom
   357 | D:5      | You pick up a book of Vapours and begin reading...
   357 | D:5      | You add the spells Poisonous Vapours and Corpse Rot to your
                  | library.
   393 | D:5      | HP: 6/27 [centaur zombie (3)]
   393 | D:5      | HP: 1/27 [centaur zombie (5)]
   395 | D:5      | Reached skill level 1 in Shields
   395 | D:5      | Reached XP level 4. HP: 1/34 MP: 4/4
   703 | D:5      | HP: 8/34 [phantom (5)]
   704 | D:5      | Slain by a phantom

Vanquished Creatures
  A hound (D:5)
  A centaur zombie (D:5)
  A hound skeleton (D:5)
  A howler monkey skeleton (D:5)
  A quokka (D:5)
5 creatures vanquished.

Table legend:
 A = Non-vault XP
 B = Vault XP
 C = Vault XP percentage of total XP
 D = Non-vault monster count
 E = Vault monster count
 F = Vault count percentage of total count
                 A         B        C        D         E       F
            +---------+---------+-------+---------+---------+-------
      Total |     125 |       0 |   0.0 |       5 |       0 |   0.0
            +---------+---------+-------+---------+---------+-------
        D:5 |     125 |       0 |   0.0 |       5 |       0 |   0.0
            +---------+---------+-------+---------+---------+-------

Illustrated notes

Table legend:
 A = Kills in this place as a percentage of kills in entire the game.
 B = Kills by you in this place as a percentage of kills by you in the entire game.
 C = Kills by friends in this place as a percentage of kills by friends in the entire game.
 D = Other kills in this place as a percentage of other kills in the entire game.
 E = Experience gained in this place as a percentage of experience gained in the entire game.
 F = Experience gained in this place divided by the number of levels of this place that you have seen.
                   A       B       C       D       E      F
               +-------+-------+-------+-------+-------+----------------------
         Total | 100.0 | 100.0 |   N/A |   N/A | 100.0 | 125.0
       Dungeon | 100.0 | 100.0 |   N/A |   N/A | 100.0 | 125.0
               +-------+-------+-------+-------+-------+----------------------

Table legend: (Time is in decaauts)
 A = Elapsed time spent in this place.
 B = Non-inter-level travel time spent in this place.
 C = Inter-level travel time spent in this place.
 D = Time resting spent in this place.
 E = Time spent auto-exploring this place.
 F = Levels seen in this place.
 G = Mean time per level.
                   A        B        C        D        E       F      G
               +--------+--------+--------+--------+--------+-----+--------+
         Total |    709 |    709 |      0 |    473 |    154 |   1 |  709.0 |
       Dungeon |    709 |    709 |      0 |    473 |    154 |   1 |  709.0 |
               +--------+--------+--------+--------+--------+-----+--------+

Top non-repeatable levels by time:
     D:5: 709 daAuts
